 Dungeon Crawl Stone Soup version 0.30.1-11-g7821555f0a (webtiles) character file.

Game seed: 103089441718277029

49 Beerserk the Slasher (level 4, -4/36 HPs)
             Began as a Human Berserker on Dec 11, 2023.
             Was a Believer of Trog.
             Engulfed by a cloud of flame (13 damage)
             ... on level 2 of the Dungeon.
             The game lasted 00:13:38 (1494 turns).

Beerserk the Slasher (Human Berserker)              Turns: 1494, Time: 00:13:40

Health: -4/36      AC:  3    Str: 20    XL:     4   Next: 1%
Magic:  4/4        EV: 11    Int:  7    God:    Trog [**....]
Gold:   54         SH:  3    Dex: 12    Spells: 3/3 levels left

rFire   . . .        i - +1 short sword (speed)
rCold   . . .        j - +0 buckler
rNeg    . . .        o - +0 leather armour
rPois   .            (no helmet)
rElec   .            (no cloak)
rCorr   .            (no gloves)
SInv    .            (no boots)
Will    .....        (no amulet)
Stlth   +            (no ring)
HPRegen 0.26/turn    (no ring)
MPRegen 0.09/turn

%: no passive effects
@: no status effects
A: no striking features
a: Renounce Religion, Berserk, Trog's Hand


You were on level 2 of the Dungeon.
You worshipped Trog.
Trog was pleased with you.
You visited 1 branch of the dungeon, and saw 2 of its levels.

You collected 54 gold pieces.

Inventory:

Hand Weapons
 a - a +0 falchion
 i - a +1 short sword of speed (weapon)
 p - a +0 club
 q - a +0 short sword
 r - a +0 mace
Missiles
 k - 10 stones (quivered)
Armour
 b - a +0 animal skin
 d - a +0 ring mail
 j - a +0 buckler (worn)
 n - a +0 robe
 o - a +0 leather armour (worn)
Jewellery
 l - a ring of magical power
Scrolls
 c - a scroll of blinking {unknown}
 e - a scroll of identify {unknown}
 s - a scroll of noise {unknown}
Potions
 f - a potion of resistance {unknown}
 g - a potion of might {unknown}
 h - a potion of magic {unknown}
 m - 2 potions of curing {unknown}


   Skills:
 + Level 3.6 Fighting
 + Level 0.4(2.3) Short Blades
 + Level 3.6 Long Blades
 + Level 2.2 Armour
 + Level 2.2 Dodging


You had 3 spell levels left.
You didn't know any spells.
Your spell library was empty.

Dungeon Overview and Level Annotations

Branches:
Dungeon (2/15)

Altars:
The Shining One


Message History

Items here: )))) [[ ÷ †.
Things that are here:
a +0 leather armour; a +0 club
Items here: )))) [[ ÷ †.
r - a +0 mace
Things that are here:
a +0 leather armour; a +0 club
Found a glowing golden altar of the Shining One.
There is a glowing golden altar of the Shining One here.
You kneel at the altar of the Shining One.
Found a dagger.
s - a scroll labelled JUQEER YHECH You see here a +0 dagger.
HP restored.
You open the door.
There is an open door here.
You open the door.
There is an open door here.
You open the door.
There is an open door here.
You open the door.
Found a scroll labelled LIOQAD PESUZA.
There is an open door here.
A kobold comes into view. It is wielding a +0 short sword.
You see here a scroll labelled LIOQAD PESUZA.
The kobold closely misses you.
A kobold is nearby!
The kobold attacks as you move away! The kobold hits you but does no damage.
You see here a scroll labelled LIOQAD PESUZA.
As you read the scroll labelled LIOQAD PESUZA, it crumbles to dust.
The creatures around you are filled with an inner flame!
It was a scroll of immolation.
The kobold completely misses you.
You hit the kobold. Trog accepts your kill.
The kobold explodes!
The fiery explosion engulfs you!!
Ouch! That really hurt!
* * * LOW HITPOINT WARNING * * *
You are engulfed in blazing flames.
You die...

#.......# ##.....##
.....# ##.####.# ##...##
##.##.#
#.####.########'####.##.#
.#
#............#.......##.#
.#
####...####..#..###..##.#
.# #...####..#..## #
#.............##
#..#####.......# #..#
#..#.@§## #..#####..#.§§#
#.[[<)..>.#..§§......
#####################


There were no monsters in sight!

Vanquished Creatures
  Robin (D:2)
  2 dart slugs (D:1)
  A ball python (D:1)
  4 endoplasms (D:1)
  A giant cockroach (D:1)
  11 goblins
  2 hobgoblins
  4 kobolds
  A quokka (D:1)
  A bat (D:1)
  A frilled lizard (D:1)
  2 rats (D:1)
31 creatures vanquished.

Notes
Turn   | Place    | Note
-------+----------+-------------------------------------------
     0 | D:1      | Beerserk the Human Berserker began the quest for the Orb.
     0 | D:1      | Reached XP level 1. HP: 18/18 MP: 1/1
   212 | D:1      | Reached XP level 2. HP: 16/24 MP: 2/2
   602 | D:1      | Reached XP level 3. HP: 21/29 MP: 3/3
  1018 | D:2      | Noticed Robin
  1021 | D:2      | Reached ** piety under Trog
  1357 | D:2      | Killed Robin
  1358 | D:2      | Reached XP level 4. HP: 22/36 MP: 4/4
  1375 | D:2      | Found a glowing golden altar of the Shining One.
  1494 | D:2      | Engulfed by a cloud of flame

Illustrated notes

Levels and vault maps discovered:
D:1:      mushboom_english_gardens, layout_loops_cross
D:2:      layout_loops_corners, basic_altar, uniq_robin

Action                     |  1- 3 |  4- 6 || total
---------------------------+-------+-------++-------
  Melee: Falchion          |    45 |       ||    45
         Short sword       |    62 |     1 ||    63
         Punch             |     2 |       ||     2
    Use: Scroll            |       |     1 ||     1
   Stab: Sleeping          |     1 |       ||     1
 Armour: Animal skin       |     5 |       ||     5
         Leather armour    |    12 |     1 ||    13
  Dodge: Dodged            |    57 |     2 ||    59
  Block: Buckler           |     8 |       ||     8
